 Dungeon Crawl Stone Soup version 0.26-a0-284-g73c0fb6129 (webtiles) character file.

Game seed: 12024803315368905581

107 Froggeryz the Chopper (level 4, -1/45 HPs)
             Began as a Naga Chaos Knight on July 13, 2020.
             Was a Plaything of Xom.
             Slain by Natasha the wolf (4 damage)
             ... on level 3 of the Dungeon.
             The game lasted 00:03:08 (2620 turns).

Froggeryz the Chopper (Naga Chaos Knight)           Turns: 2620, Time: 00:03:09

Health: -1/45      AC:  7    Str: 19    XL:     4   Next: 85%
Magic:  0/4        EV:  4    Int: 12    God:    Xom [.*....]
Gold:   136        SH: 10    Dex: 16    Spells: 3/3 levels left

rFire    . . .     SeeInvis +   a - +0 hand axe (chaos)
rCold    . . .     Faith    .   t - +3 kite shield
rNeg     . . .     Spirit   +   q - +1 scale mail {MR+}
rPois    +         Reflect  .   c - +0 helmet
rElec    .         Harm     .   e - +0 cloak
rCorr    .                      (no gloves)
MR       +....                  (no barding)
Stlth    ..........             p - amulet of guardian spirit
HPRegen  0.15/turn              r - ring of see invisible
MPRegen  0.09/turn              s - ring "Hiononke" {rPois Str+3 Dex+6}

@: mighty, short of breath, very slow
A: large, see invisible, deformed body, poison resistance, slowness 2, spit
poison 1, AC +1
a: Spit Poison, Renounce Religion


You were on level 3 of the Dungeon.
You worshipped Xom.
You were a plaything of Xom.
You visited 1 branch of the dungeon, and saw 3 of its levels.

You collected 136 gold pieces.

Inventory:

Hand Weapons
 a - a +0 hand axe of chaos (weapon)
Armour
 b - a +2 tower shield
 c - a +0 helmet (worn)
 e - a +0 cloak (worn)
 q - a +1 scale mail of magic resistance (worn)
 t - a +3 kite shield (worn)
Jewellery
 p - an amulet of guardian spirit (around neck)
 r - a ring of see invisible (left hand)
 s - the ring "Hiononke" (right hand) {rPois Str+3 Dex+6}
   (Xom gifted it to you on level 3 of the Dungeon)

   [ring of dexterity]

   It affects your strength (+3).
   It affects your dexterity (+6).
   It protects you from poison.
Scrolls
 d - 2 scrolls of remove curse {unknown}
 f - 4 scrolls of enchant weapon {unknown}
 g - 2 scrolls of enchant armour
 h - a scroll of fear
 j - 2 scrolls of teleportation {unknown}
 k - 2 scrolls of identify
 l - a scroll of blinking {unknown}
 m - a scroll of noise {unknown}
Potions
 i - 2 potions of might
 n - a potion of mutation {unknown}
 o - a potion of curing {unknown}


   Skills:
 + Level 4.3 Fighting
 + Level 4.3 Axes
 - Level 1.5 Armour
 - Level 0.7 Dodging
 + Level 0.0 Shields


You had 3 spell levels left.
You didn't know any spells.
Your spell library was empty.

Dungeon Overview and Level Annotations

Branches:
Dungeon (3/15)

Altars:

Annotations:
D:3 Natasha


Innate Abilities, Weirdness & Mutations

You cannot wear boots.
Your serpentine skin is tough. (AC +1)
You have supernaturally acute eyesight. (SInv)
Armour fits poorly on your strangely shaped body.
Your system is resistant to poisons. (rPois)
You cover ground very slowly.
You can spit poison.


Message History

You miss Natasha.
Natasha is moderately wounded.
Natasha bites you. x2
* * * LOW HITPOINT WARNING * * *
Press: ? - help, Shift-Dir - straight line, f/p - Natasha
Aim: Natasha the wolf (moderately wounded)
The splash of poison misses Natasha.
You block Natasha's attack. Natasha bites you.
* * * LOW HITPOINT WARNING * * *
As you read the scroll labeled ONUOLOR PAUVI, it crumbles to dust.
It is a scroll of enchant armour.
Your +2 kite shield glows green for a moment.
Natasha bites you but does no damage. Natasha bites you.
* * * LOW HITPOINT WARNING * * *
As you read the scroll labeled NIQEORCH NOCOOB, it crumbles to dust.
It is a scroll of identify.
h - a scroll of fear Natasha bites you.
You die...
Xom giggles madly!

#.# ##### #.###...#
####.......# ........≈..#
####...≈...# #≈..≈≈.##
#......#
#.##########.####.######
#.....h@.....# #.......
############## ########
##### # #### #...# # ...#
###...### # .#.###.......#
#
.#...........#############
#
.#####...................#
# .# ###...#############.#
#


You could see Natasha the wolf.

Vanquished Creatures
  Natasha (D:3)
  An adder (D:2)
  3 worms (D:2)
  4 dart slugs
  2 leopard geckos (D:1)
  An orc (D:3)
  8 bats
  3 giant cockroaches
  6 goblins
  8 hobgoblins
  11 kobolds
  A ball python (D:3)
  2 frilled lizards (D:1)
  3 rats
54 creatures vanquished.

Notes
Turn   | Place    | Note
-------+----------+-------------------------------------------
     0 | D:1      | Froggeryz the Naga Chaos Knight began the quest for the
                  | Orb.
     0 | D:1      | Reached XP level 1. HP: 21/21 MP: 1/1
    27 | D:1      | XOM: silly message
    36 | D:1      | Reached XP level 2. HP: 16/28 MP: 2/2
   131 | D:1      | XOM: divination: detect creatures
   194 | D:1      | XOM: noise
   311 | D:1      | Reached XP level 3. HP: 33/34 MP: 3/3
  1249 | D:2      | XOM: silly message
  1507 | D:2      | Reached XP level 4. HP: 44/44 MP: 4/4
  1548 | D:2      | XOM: cloud trail
  1868 | D:3      | XOM: divination: magic mapping
  1939 | D:3      | Noticed Natasha
  1950 | D:3      | Killed Natasha
  2231 | D:3      | XOM: god gift: transparent steel ring {god gift}
  2232 | D:3      | Got a transparent steel ring {god gift}
  2233 | D:3      | Identified the ring "Hiononke" {rPois Str+3 Dex+6} (Xom
                  | gifted it to you on level 3 of the Dungeon)
  2608 | D:3      | Noticed Natasha
  2610 | D:3      | Noticed Natasha
  2610 | D:3      | Natasha changed into Natasha the wolf
  2610 | D:3      | XOM: polymorph Natasha -> Natasha the wolf
  2620 | D:3      | Slain by Natasha the wolf

Illustrated notes

Levels and vault maps discovered:
D:1:      saegor_arrival_simple_e, layout_rooms
D:2:      lemuel_upstairs_altar, layout_basic
D:3:      layout_loops_ring, lemuel_round_altar, chequers_serial_rivers_micro_c,
          chequers_avenue, kennysheep_generic_room_10, uniq_natasha

Skill      XL: |  1  2  3 |
---------------+----------+-----
Fighting       | 4 |  4.3
Axes           | 4 |  4.3
Armour         | |  1.5
Dodging        | |  0.7

Action                   |  1- 3 |  4- 6 || total
-------------------------+-------+-------++-------
Melee: Hand axe          |   112 |    36 ||   148
 Abil: Spit Poison       |     4 |     4 ||     8
  Use: Scroll            |       |     2 ||     2
       Potion            |       |     1 ||     1
 Stab: Petrifying        |     1 |       ||     1
Armor: Leather armour    |    68 |    13 ||    81
       Scale mail        |       |     9 ||     9
Dodge: Dodged            |    68 |    16 ||    84
Block: Kite shield       |       |     4 ||     4

Table legend:
 A = Non-vault XP
 B = Vault XP
 C = Vault XP percentage of total XP
 D = Non-vault monster count
 E = Vault monster count
 F = Vault count percentage of total count
                 A         B        C        D         E       F
            +---------+---------+-------+---------+---------+-------
      Total |     117 |      36 |  23.5 |      53 |       1 |   1.9
            +---------+---------+-------+---------+---------+-------
        D:1 |      42 |       0 |   0.0 |      21 |       0 |   0.0
        D:2 |      55 |       0 |   0.0 |      20 |       0 |   0.0
        D:3 |      20 |      36 |  64.3 |      12 |       1 |   7.7
            +---------+---------+-------+---------+---------+-------
